 Dungeon Crawl Stone Soup version 0.21.0 (webtiles) character file.

81 Hekarica the Stinger (level 4, -3/27 HPs)
             Began as an Octopode Venom Mage on May 25, 2018.
             Slain by Crazy Yiuf
             ... wielding a +2 quarterstaff of chaos
              (8 damage)
             ... on level 2 of the Dungeon.
             The game lasted 00:07:01 (1412 turns).

Hekarica the Stinger (Octopode Venom Mage)          Turns: 1412, Time: 00:07:11

Health: -3/27      AC:  1    Str:  7    XL:     4   Next: 42%
Magic:  4/7        EV: 14    Int: 18    God:
Gold:   12         SH:  0    Dex: 12    Spells: 7/8 levels left

rFire    . . .     SeeInvis .   a - +2 dagger (venom)
rCold    . . .     Gourm    .   (no shield)
rNeg     . . .     Faith    .   (helmet restricted)
rPois    .         Spirit   .   (no amulet)
rElec    .         Reflect  .   (no ring)
rCorr    .         Harm     .   (no ring)
MR       .....                  (no ring)
Stlth    +++.......             (no ring)
HPRegen  0.09/turn              (no ring)
MPRegen  0.10/turn              (no ring)
                                (no ring)
                                (no ring)

@: very slightly contaminated
A: almost no armour, stealthy swim, amphibious, 8 rings, constrict 8, camouflage
1, gelatinous body 1
a: no special abilities


You were on level 2 of the Dungeon.
You were not hungry.

You visited 1 branch of the dungeon, and saw 2 of its levels.

You collected 12 gold pieces.

Inventory:

Hand Weapons
 a - a +2 dagger of venom (weapon)
 b - a cursed -3 dagger
Scrolls
 c - 5 scrolls of identify {unknown}
 d - 2 scrolls of teleportation {unknown}
 f - a scroll of amnesia {unknown}
 g - a scroll of remove curse {unknown}
 h - a scroll of enchant armour {unknown}
Potions
 i - a potion of degeneration {unknown}
Books
 e - a Young Poisoner's Handbook

   Spells                             Type                      Level
   a - Sting                          Conjuration/Poison           1
   b - Poisonous Vapours              Poison/Air                   2
   c - Mephitic Cloud                 Conjuration/Poison/Air       3
   d - Olgreb's Toxic Radiance        Poison                       4
   e - Venom Bolt                     Conjuration/Poison           5


   Skills:
 + Level 2.6 Dodging
 + Level 3.6 Stealth
 + Level 2.5 Spellcasting
 + Level 2.0 Conjurations
 + Level 4.2 Poison Magic


You had 7 spell levels left.
You knew the following spells:

 Your Spells              Type           Power        Failure   Level  Hunger
a - Sting                 Conj/Pois      ##..         4%          1    #......


Dungeon Overview and Level Annotations

Branches:
Dungeon (2/15)

Altars:
Dithmenos
Fedhas

Annotations:
D:2 exclusion: bullfrog, Crazy Yiuf


Innate Abilities, Weirdness & Mutations

You cannot wear most types of armour.
You are very stealthy in the water. (Stealth+)
You are amphibious.
You can wear up to eight rings at the same time.
You can use your tentacles to constrict eight enemies at once.
Your skin changes colour to match your surroundings (Stealth+).
Your rubbery body absorbs attacks. (AC +1, EV +1)


Message History

Press: ? - help, Shift-Dir - straight line, f/p - Crazy Yiuf
Aim: Crazy Yiuf, wielding a quarterstaff of chaos and wearing a glowing cloak You miscast Sting.
You are very lightly contaminated with residual magic.
Nothing appears to happen.
You barely miss Crazy Yiuf. Your grab misses Crazy Yiuf.
You hit Crazy Yiuf but do no damage.
Crazy Yiuf is poisoned.
Your grab misses Crazy Yiuf.
You squeeze Crazy Yiuf, but do no damage.
Crazy Yiuf closely misses you.
You barely miss Crazy Yiuf. You grab Crazy Yiuf. You constrict Crazy Yiuf.
Crazy Yiuf hits you with a quarterstaff of chaos!
Crazy Yiuf freezes you.
You barely miss Crazy Yiuf.
Crazy Yiuf is lightly wounded.
You constrict Crazy Yiuf, but do no damage.
Crazy Yiuf hits you with a quarterstaff of chaos!
* * * LOW HITPOINT WARNING * * *
You are electrocuted!
You die...

#####
#..)#
#...# ...
#g# ##@#
#.## ##.#
#.## ##.##
######
#..P##
##.(..#
#.#PP#
#..##.####
#....#
###..>...#
#....#
#.#.##(#


You could see Crazy Yiuf.

Vanquished Creatures
  2 adders (D:2)
  A dart slug (D:1)
  2 leopard geckos (D:1)
  5 bats
  13 giant cockroaches
  3 goblins (D:1)
  2 hobgoblins (D:1)
  8 jackals (D:1)
  2 quokkas (D:2)
  2 ball pythons
  2 frilled lizards
  7 kobolds
  3 rats
  2 fungi (D:2)
54 creatures vanquished.

Notes
Turn   | Place    | Note
-------+----------+-------------------------------------------
     0 | D:1      | Hekarica the Octopode Venom Mage began the quest for the Orb.
     0 | D:1      | Reached XP level 1. HP: 11/11 MP: 3/3
   166 | D:1      | Reached XP level 2. HP: 17/17 MP: 5/5
   530 | D:1      | Reached XP level 3. HP: 16/21 MP: 0/6
   703 | D:1      | Reached skill level 4 in Poison Magic
  1157 | D:2      | Noticed a bullfrog
  1161 | D:2      | Found a blossoming altar of Fedhas.
  1207 | D:2      | Found a shadowy altar of Dithmenos.
  1236 | D:2      | Reached XP level 4. HP: 26/27 MP: 2/7
  1401 | D:2      | Found a runed door.
  1405 | D:2      | Noticed Crazy Yiuf
  1412 | D:2      | Slain by Crazy Yiuf

Skill      XL: |  1  2  3  4 |
---------------+-------------+-----
Stealth        | 3 |  3.6
Poison Magic   | 4 |  4.2
Conjurations   | 2 |  2.0
Dodging        | |  2.6
Spellcasting   | |  2.5

Action                   |  1- 3 |  4- 6 || total
-------------------------+-------+-------++-------
Melee: Dagger            |    35 |    40 ||    75
       Constrict         |     9 |    11 ||    20
       Tentacles         |     6 |     7 ||    13
 Cast: Sting             |    53 |     6 ||    59
 Stab: Sleeping          |     3 |     1 ||     4
  Eat: Ration            |     1 |       ||     1
Armor: Skin              |     3 |     2 ||     5
Dodge: Dodged            |    16 |    21 ||    37
